 Dungeon Crawl Stone Soup version 0.27-a0-994-g5030419646 (webtiles) character file.

Game seed: 10029550797954278630

9090 Froggeryz the Cleaver (level 11, -6/77 (81) HPs)
             Began as a Formicid Fighter on Apr 16, 2021.
             Was an Elder of Okawaru.
             Killed from afar by Nergalle (23 damage)
             ... with a bolt of negative energy
             ... on level 1 of the Lair of Beasts.
             The game lasted 00:13:36 (13201 turns).

Froggeryz the Cleaver (Formicid Fighter)           Turns: 13201, Time: 00:13:37

HP:   -6/77 (81)    AC:  9    Str: 24    XL:     11   Next: 67%
MP:   11/11         EV: 13    Int:  8    God:    Okawaru [****..]
Gold: 418           SH: 14    Dex: 16    Spells: 10/10 levels left

rFire    + . .     SeeInvis +   a - +0 war axe (venom)
rCold    . . .     Faith    .   c - +1 kite shield
rNeg     . . .     Spirit   .   u - +1 scale mail {rF+}
rPois    .         Reflect  .   (helmet unavailable)
rElec    .         Harm     .   (no cloak)
rCorr    .         Rampage  .   E - +0 pair of gloves
Will     +....                  (no boots)
Stlth    ..........             n - amulet of regeneration
HPRegen  1.22/turn              g - +6 ring of dexterity
MPRegen  0.12/turn              x - +4 ring of evasion

@: lightly drained
A: permanent stasis, dig shafts and tunnels, antennae 3, four strong arms
a: Dig, Shaft Self, Renounce Religion, Heroism


You were on level 1 of the Lair of Beasts.
You worshipped Okawaru.
Okawaru was greatly pleased with you.
You visited 3 branches of the dungeon, and saw 12 of its levels.
You also visited: Sewer.

You collected 562 gold pieces.
You spent 144 gold pieces at shops.

Inventory:

Hand Weapons
 a - a +0 war axe of venom (weapon)
 b - a +2 broad axe of venom
 D - a +2 vorpal flail
Missiles
 m - 6 curare-tipped darts
 y - 37 poisoned darts (quivered)
Armour
 c - a +1 kite shield (worn)
 u - a +1 scale mail of fire resistance (worn)
 E - a +0 pair of gloves (worn)
Jewellery
 g - a +6 ring of dexterity (left hand)
 n - an amulet of regeneration (around neck)
 t - a ring of resist corrosion
 x - a +4 ring of evasion (right hand)
 F - a +4 ring of evasion
Wands
 e - a wand of paralysis (10)
 v - a wand of mindburst (10)
 z - a wand of flame (16)
 C - a wand of iceblast (4)
Scrolls
 h - 6 scrolls of magic mapping
 i - 4 scrolls of immolation
 j - 4 scrolls of fear
 k - 2 scrolls of amnesia
 l - a scroll of fog
 q - a scroll of identify
 r - 2 scrolls of noise
 G - a scroll of enchant weapon {unknown}
Potions
 d - 3 potions of might
 f - 3 potions of magic
 o - a potion of heal wounds
 p - a potion of curing
 s - 2 potions of flight
 w - a potion of attraction
 A - a potion of lignification
 B - 2 potions of mutation


   Skills:
 - Level 6.0 Fighting
 * Level 13.5 Axes
 - Level 3.2 Armour
 + Level 11.9 Shields


You had 10 spell levels left.
You didn't know any spells.
Your spell library contained the following spells:

 Spells                   Type           Power      Damage    Failure   Level
 Foxfire                  Conj/Fire      0%         2x1d4     71%         1
 Magic Dart               Conj           0%         1d3       71%         1
 Sandblast                Erth           0%         2d4       71%         1
 Call Imp                 Summ           0%         N/A       85%         2
 Passwall                 Tmut/Erth      0%         N/A       85%         2
 Slow                     Hex            0%         N/A       85%         2
 Confusing Touch          Hex            0%         N/A       97%         3
 Conjure Flame            Conj/Fire      0%         6-21      97%         3
 Gell's Gravitas          Tloc           0%         N/A       97%         3
 Inner Flame              Hex/Fire       0%         N/A       97%         3
 Mephitic Cloud           Conj/Pois/Air  0%         N/A       97%         3
 Stone Arrow              Conj/Erth      0%         3d7       97%         3
 Petrify                  Tmut/Erth      0%         N/A       100%        4
 Sticky Flame             Conj/Fire      0%         2d3       100%        4
 Fireball                 Conj/Fire      0%         3d3       100%        5
 Lee's Rapid Deconstruct  Erth           0%         3d5*      100%        5
 Metabolic Englaciation   Hex/Ice        0%         N/A       100%        5
 Yara's Violent Unravell  Hex/Tmut       0%         3d3       100%        5
 Blink                    Tloc           Unusable   N/A       N/A         2

Dungeon Overview and Level Annotations

Branches:
Dungeon (9/15)             Temple (1/1) D:6            Lair (2/6) D:9
  Sewer (visited)
  Swamp: Lair:2-4    Shoals: Lair:2-4     Snake: Lair:2-4    Spider: Lair:2-4
    Orc: D:9-12

Altars:
Ashenzari
Cheibriados
Dithmenos
Elyvilon
Fedhas
Gozag
Hepliaklqana
Kikubaaqudgha
Makhleb
Nemelex Xobeh
Okawaru
Qazlal
Ru
Sif Muna
Trog
Uskayaw
Vehumet
Wu Jian
Xom
Yredelemnul
Zin
The Shining One

Shops:
D:3 [

Annotations:
Lair:1 Nergalle


Innate Abilities, Weirdness & Mutations

You cannot be hasted, slowed, berserked, paralysed or teleported.
You can dig through walls and to a lower floor.
You have a pair of large antennae on your head. (SInv)
Your four strong arms can wield two-handed weapons with a shield.


Message History

You block the spectral orc warrior's attack. x2
You slash Nergalle!
Nergalle looks as sick as possible!
Nergalle is moderately wounded.
You hit the komodo dragon.
The komodo dragon looks as sick as possible!
You hit the spectral orc warrior but do no damage.
You barely miss the spectral orc warrior.
You hit the spectral orc warrior but do no damage.
You block Nergalle's attack.
You block the spectral orc warrior's attack.
The komodo dragon bites you!!
* * * LOW HITPOINT WARNING * * *
You block the spectral orc warrior's attack.
The spectral orc warrior barely misses you.
You kill the komodo dragon!
Okawaru accepts your kill.
The spectral orc warrior closely misses you.
Nergalle hits you but does no damage.
You hit Nergalle but do no damage.
Nergalle looks as sick as possible!
Nergalle is heavily wounded.
You slash the spectral orc warrior!
You hit the spectral orc warrior but do no damage.
Nergalle hits you but does no damage.
You block the spectral orc warrior's attack.
The spectral orc warrior misses you.
You hit Nergalle but do no damage.
Nergalle is heavily wounded.
You hit the spectral orc warrior but do no damage.
You hit the spectral orc warrior. x2; Nergalle hits you but does no damage.
You block the spectral orc warrior's attack.
The spectral orc warrior barely misses you.
You block the spectral orc warrior's attack.
You slash Nergalle!
Nergalle is heavily wounded.
You completely miss the spectral orc warrior.
You barely miss the spectral orc warrior.
You hit the spectral orc warrior but do no damage.
Nergalle points at you and mumbles some strange words.
The bolt of negative energy hits you!!
You feel drained.
You die...

##......†......... ###
#.........#.......
##.#####........#..##...
##......................(
##.........^..............
###.........................
#...........................
##....(...Z.................
##.......Z@................
##......Zo.#..............
#.......†###.............
#.#.....## ##............
##.....## #............
####### ###.#P.#P####
########


You could see Nergalle (fast, extremely poisoned) and 3 spectral orc warriors.

Vanquished Creatures
  A hydra (D:9)
  Pikel (D:8)
  Maurice (D:8)
  Psyche (D:9)
  A cane toad (Lair:1)
  4 komodo dragons
  Prince Ribbit (D:7)
  A troll (D:6)
  12 yaks
  A basilisk (Lair:1)
  Eustachio (D:5)
  2 water moccasins (Lair:1)
  2 ice beasts (D:7)
  3 orc warriors (D:9)
  2 sky beasts (D:8)
  A necrophage (D:5)
  An ogre (D:4)
  A phantom (D:5)
  2 kobold brigands (D:9)
  9 bullfrogs
  2 gnoll sergeants
  3 scorpions
  A water moccasin zombie (D:6)
  A howler monkey (D:9)
  3 centaur zombies
  2 bullfrog zombies (D:5)
  3 orc priests
  3 gnoll shamans
  2 jellies (D:5)
  7 hounds
  Ijyb (D:5)
  A scorpion zombie (D:5)
  3 iguanas
  5 orc wizards
  Terence (D:3)
  A hound skeleton (D:5)
  A howler monkey zombie (D:8)
  23 gnolls
  A howler monkey skeleton (D:6)
  9 adders
  7 river rats (Sewer)
  A shadow imp (D:6)
  2 white imps
  An ufetubus (D:3)
  2 adder skeletons
  2 worms (D:3)
  5 dart slugs
  19 orcs
  6 endoplasms
  7 giant cockroaches
  6 hobgoblins
  4 jackals (D:3)
  5 quokkas
  9 ball pythons (Sewer)
  4 bats
  5 frilled lizards
  3 goblins
  12 kobolds
  21 rats
242 creatures vanquished.

Vanquished Creatures (others)
  5 fungi (D:9)
  2 plants
7 creatures vanquished.

Grand Total: 249 creatures vanquished

Notes
Turn   | Place    | Note
-------+----------+-------------------------------------------
     0 | D:1      | Froggeryz the Formicid Fighter began the quest for the Orb.
     0 | D:1      | Reached XP level 1. HP: 18/18 MP: 1/1
   206 | D:1      | Reached XP level 2. HP: 24/24 MP: 2/2
   637 | D:1      | Found a faded altar of an unknown god.
   805 | D:2      | Reached XP level 3. HP: 29/29 MP: 3/3
  1008 | D:2      | Reached skill level 3 in Axes
  1770 | D:3      | Found Biujo's Antique Armour Boutique.
  1800 | D:3      | Noticed Terence
  1815 | D:3      | HP: 1/29 [Terence/+0 flail (7)]
  1817 | D:3      | Killed Terence
  1818 | D:3      | Reached XP level 4. HP: 2/35 MP: 4/4
  1855 | D:3      | Found a glowing drain.
  1863 | Sewer    | Entered a sewer
  2164 | Sewer    | Reached skill level 4 in Axes
  2164 | Sewer    | Reached XP level 5. HP: 18/41 MP: 5/5
  3137 | Sewer    | Reached skill level 5 in Shields
  3370 | Sewer    | Reached XP level 6. HP: 44/47 MP: 6/6
  3471 | Sewer    | Reached skill level 5 in Axes
  3833 | D:3      | Reached XP level 7. HP: 30/52 MP: 7/7
  3854 | D:3      | Reached skill level 6 in Axes
  6335 | D:5      | Entered Level 5 of the Dungeon
  6542 | D:5      | Reached skill level 7 in Axes
  6542 | D:5      | Reached XP level 8. HP: 55/58 MP: 8/8
  6557 | D:5      | Noticed Ijyb
  6570 | D:5      | Killed Ijyb
  6910 | D:5      | Noticed Eustachio
  6933 | D:5      | Killed Eustachio
  7082 | D:5      | Reached skill level 8 in Axes
  8131 | D:6      | Reached XP level 9. HP: 60/64 MP: 9/9
  8137 | D:6      | Reached skill level 9 in Axes
  8412 | D:6      | HP: 3/64 [poisoned by a gnoll sergeant]
  8871 | D:6      | Noticed a troll
  8878 | D:6      | Killed a troll
  9080 | D:6      | Reached skill level 10 in Axes
  9166 | D:3      | Bought an opal-encrusted scale mail for 144 gold pieces
  9166 | D:3      | Identified the +4 scale mail of the Six Hosts {Contam rF+
                  | rCorr MP+9} (You bought it in a shop on level 3 of the
                  | Dungeon)
  9351 | D:6      | Found a staircase to the Ecumenical Temple.
  9406 | Temple   | Entered the Ecumenical Temple
  9456 | Temple   | Became a worshipper of Warmaster Okawaru
 10243 | D:7      | Found a bloodstained altar of Trog.
 10556 | D:8      | Noticed Prince Ribbit
 10573 | D:7      | Reached * piety under Okawaru
 10574 | D:7      | Reached XP level 10. HP: 46/70 MP: 10/10
 10700 | D:7      | Reached skill level 11 in Axes
 10722 | D:7      | Reached skill level 10 in Shields
 10725 | D:7      | Killed Prince Ribbit
 10899 | D:8      | Noticed Pikel
 10922 | D:8      | Killed Pikel
 10922 | D:8      | Reached ** piety under Okawaru
 11162 | D:8      | Noticed Maurice
 11175 | D:8      | Killed Maurice
 11176 | D:8      | Reached skill level 12 in Axes
 11474 | D:9      | Found a staircase to the Lair.
 11569 | D:9      | Identified the +6 quarterstaff of Defence {vorpal, Contam
                  | rCorr Dex+3}
 11783 | D:9      | Noticed Psyche
 11794 | D:9      | Killed Psyche
 11794 | D:9      | Reached *** piety under Okawaru
 11866 | D:9      | Reached XP level 11. HP: 78/78 MP: 11/11
 12101 | Lair:1   | Entered Level 1 of the Lair of Beasts
 12105 | Lair:1   | Noticed a six-headed hydra
 12395 | D:9      | Killed a six-headed hydra
 12396 | D:9      | Reached skill level 5 in Fighting
 12434 | Lair:1   | Reached skill level 13 in Axes
 12521 | Lair:1   | Identified a scroll of acquirement
 12521 | Lair:1   | Acquired a +2 broad axe of venom
 12535 | Lair:1   | Reached **** piety under Okawaru
 13175 | Lair:2   | Noticed Nergalle
 13201 | Lair:1   | Killed from afar by Nergalle

Illustrated notes

Levels and vault maps discovered:
D:1:      lemuel_arrival_muddy, layout_basic,
          shapermc_ecumenical_altar_notcrosses, kennysheep_nondescript,
          chequers_serial_rivers_micro_e, minmay_misc_feat_enclosed,
          minmay_worlds_worst_comb
D:2:      layout_basic
D:3:      layout_loops_ring, cheibrodos_sewer_entry_sluice, serial_shops, shop,
          uniq_terence
D:4:      layout_gridville, serial_co_window_serial, co_window_paths_a,
          co_window_paths_a, co_window_corner_a, co_window_of_opportunity_a,
          co_window_paths_b, co_window_unsneaky_path_a, co_window_cross_3,
          co_window_2corner, co_window_broadway_a, co_window_corner_b,
          co_window_corner_cb, co_window_paths_d, glass_columns_b,
          glass_columns_a, glass_columns_b, glass_columns_a, glass_columns_a
D:5:      layout_gridville, cheibrodos_gnoll_hut, uniq_ijyb, uniq_eustachio
D:6:      layout_rooms, temple_green
D:7:      layout_basic, lemuel_doored_altar
D:8:      layout_cave_pools, uniq_pikel, uniq_maurice, uniq_prince_ribbit1
D:9:      layout_long_grid, dpeg_oklobed_lair, minmay_misc_feat_plants,
          uniq_psyche
Temple:   nicolae_temple_the_god_donut
Lair:1:   layout_gridlike
Lair:2:   layout_long_grid, grunt_megastairs_4, uniq_nergalle

Skill      XL: |  1  2  3  4  5  6  7  8  9 10 11 |
---------------+----------------------------------+-----
Shields        | 4 5 6 8 9 11 | 11.9
Axes           | 3 4 5 7 8 10 12 13 | 13.5
Fighting       | 4 6 |  6.0
Armour         | |  3.2

Action                   |  1- 3 |  4- 6 |  7- 9 | 10-12 || total
-------------------------+-------+-------+-------+-------++-------
Melee: War axe           |    77 |   145 |   371 |   266 ||   859
       Flail             |       |       |       |     7 ||     7
Invok: Heroism           |       |       |       |     1 ||     1
 Abil: Dig               |       |     4 |     2 |     1 ||     7
Evoke: Wand              |       |       |       |     2 ||     2
  Use: Potion            |     2 |     4 |     6 |     1 ||    13
       Scroll            |       |     1 |    12 |     4 ||    17
 Stab: Distracted        |       |       |     1 |       ||     1
Armor: Scale mail        |    31 |    71 |    86 |    50 ||   238
Dodge: Dodged            |    29 |    66 |   133 |   103 ||   331
Block: Kite shield       |    48 |   123 |   215 |   176 ||   562

Table legend: (Time is in decaauts)
 A = Elapsed time spent in this place.
 B = Non-inter-level travel time spent in this place.
 C = Inter-level travel time spent in this place.
 D = Time resting spent in this place.
 E = Time spent auto-exploring this place.
 F = Levels seen in this place.
 G = Mean time per level.
                   A        B        C        D        E       F      G
               +--------+--------+--------+--------+--------+-----+--------+
         Total |  13410 |  12594 |    816 |   3473 |   7224 |  13 | 1031.5 |
       Dungeon |  10349 |   9561 |    788 |   1908 |   6230 |   9 | 1149.9 |
        Temple |    279 |    257 |     22 |      0 |    248 |   1 |  279.0 |
          Lair |    779 |    773 |      6 |     65 |    559 |   2 |  389.5 |
         Sewer |   2002 |   2002 |      0 |   1500 |    187 |   1 | 2002.0 |
               +--------+--------+--------+--------+--------+-----+--------+

Top non-repeatable levels by time:
     D:5: 2224 daAuts
   Sewer: 2002 daAuts
     D:4: 1538 daAuts
     D:3: 1481 daAuts
     D:7: 1145 daAuts
     D:6: 948 daAuts
     D:2: 864 daAuts
     D:1: 816 daAuts
  Lair:1: 754 daAuts
     D:9: 723 daAuts
     D:8: 606 daAuts
  Temple: 279 daAuts
  Lair:2: 24 daAuts
